 Dungeon Crawl Stone Soup version 0.29.1-2-gbd0b4ee654 (webtiles) character file.

Game seed: 12206923394543859454

4 Ivernyr the Insei (level 1, 0/11 (13) HPs)
             Began as an Octopode Transmuter on Nov 1, 2022.
             Slain by a goblin
             ... wielding a +2 dagger of draining
              (2 damage)
             ... on level 1 of the Dungeon.
             The game lasted 00:00:20 (43 turns).

Ivernyr the Insei (Octopode Transmuter)               Turns: 43, Time: 00:00:20

HP:   0/11 (13)     AC:  1    Str:  9    XL:     1   Next: 60%
MP:   3/3           EV: 13    Int: 15    God:
Gold: 10            SH:  0    Dex: 12    Spells: 3/4 levels left

rFire   . . .      SeeInvis .     - Unarmed
rCold   . . .      Faith    .   (no shield)
rNeg    . . .      Spirit   .   (helmet restricted)
rPois   .          Reflect  .   (no amulet)
rElec   .          Harm     .   (no ring)
rCorr   .          Rampage  .   (no ring)
Will    .....                   (no ring)
Stlth   ++........              (no ring)
HPRegen 0.03/turn               (no ring)
MPRegen 0.08/turn               (no ring)
                                (no ring)
                                (no ring)

@: heavily drained
A: almost no armour, amphibious, 8 rings, camouflage 1, gelatinous body 1,
(nimble swimmer 1), tentacles
a: no special abilities


You were on level 1 of the Dungeon.
You visited 1 branch of the dungeon, and saw 1 of its levels.

You collected 10 gold pieces.

Inventory:

Potions
 a - a potion of lignification


   Skills:
 + Level 1.1 Fighting
 - Level 2.0 Dodging
 + Level 3.0 Unarmed Combat
 + Level 2.0 Spellcasting
 * Level 2.1 Transmutations


You had 3 spell levels left.
You knew the following spells:

 Your Spells              Type           Power      Damage    Failure   Level
a - Beastly Appendage     Tmut           16%        N/A       9%          1

Your spell library contained the following spells:

 Spells                   Type           Power      Damage    Failure   Level
 Wereblood                Tmut           8%         N/A       14%         2
 Spider Form              Tmut/Pois      4%         N/A       38%         3
 Ice Form                 Ice/Tmut       4%         N/A       80%         4


Dungeon Overview and Level Annotations

Branches:
Dungeon (1/15)

Altars:

Shops:
D:1 (


Innate Abilities, Weirdness & Mutations

You cannot wear most types of armour.
You are amphibious.
You can wear up to eight rings at the same time.
Your skin changes colour to match your surroundings (Stealth+).
Your rubbery body absorbs attacks. (AC +1, EV +1)
((You are camouflaged when in or above water. (Stealth+)))
You have tentacles for arms and can constrict up to eight enemies at once.


Message History

You see here a giant cockroach corpse.
HP restored.
Found a whip.
Found a dagger and a human corpse.
Key pressed, stopping explore.
You see here a +0 whip.
A rat comes into view.
Found Nasieg's Weapon Emporium.
A rat is nearby!
Found a scroll labelled ACAOWI LYUNYGA.
You see here 10 gold pieces.
You now have 10 gold pieces.
A bat and a goblin come into view.
The goblin is wielding a +2 dagger of draining.
The goblin shouts!
Found a whip.
The bat closely misses you. The rat closely misses you.
You see here a human corpse.
You closely miss the rat. You grab the rat. You constrict the rat.
The bat barely misses you. The rat bites you.
You tentacle-slap the rat.
You kill the rat!
The bat barely misses you. The bat hits you but does no damage.
You closely miss the bat. You grab the bat.
You constrict the bat, but do no damage.
The bat completely misses you.
The bat escapes!
The goblin completely misses you.
You closely miss the bat. You grab the bat.
You squeeze the bat, but do no damage. You constrict the bat.
The bat hits you but does no damage. The bat closely misses you.
The goblin hits you with a +2 dagger of draining.
You feel drained.
You tentacle-slap the bat.
You kill the bat!
The goblin barely misses you.
You tentacle-slap the goblin. Your grab misses the goblin.
The goblin is heavily wounded.
The goblin hits you with a +2 dagger of draining.
* * * LOW HITPOINT WARNING * * *
You feel drained.
You die...

.. ##†## #.)
#######.## ##..
#...##...##.# #...
##...)......#
##...##.....##.##..#
##.....#........#
#..#
#..........#.####
### #...∩g).#.###.#
#.....@.#.# #.#
##....†#..# #.#
##...##.## ## ##?.
..# ### ###


You could see a goblin.

Vanquished Creatures
  A giant cockroach (D:1)
  A goblin (D:1)
  A bat (D:1)
  A rat (D:1)
4 creatures vanquished.

Notes
Turn   | Place    | Note
-------+----------+-------------------------------------------
     0 | D:1      | Ivernyr the Octopode Transmuter began the quest for the
                  | Orb.
     0 | D:1      | Reached XP level 1. HP: 13/13 MP: 3/3
    31 | D:1      | Found Nasieg's Weapon Emporium.
    43 | D:1      | Slain by a goblin

Illustrated notes

Levels and vault maps discovered:
D:1:      minmay_arrival_stair_chambers, layout_loops_ring, serial_shops,
          nicolae_shop_bloodbath_and_beyond, corexii_hall_statues_deadend,
          serial_park_tiny_1

Action                   || total
-------------------------++-------
Melee: Unarmed           ||    13
       Constrict         ||     5
       Tentacles         ||     2
       Punch             ||     1
Armor: Skin              ||     3
Dodge: Dodged            ||    13
